Blackhawks vs Canadiens
(R1)
Created - January 15, 2021 at 19:14
Goals
|
| Blackhawks |
3 |
1 |
1 |
5 |
| Canadiens |
0 |
0 |
2 |
2 |
|
Shots
|
| Blackhawks |
10 |
9 |
10 |
29 |
| Canadiens |
6 |
8 |
18 |
32 |
|
1st period
1. Blackhawks , Johnny Gaudreau 12 (Nathan Horton 9, Tim Connolly 15) at 4:23
2. Blackhawks , Derick Brassard 18 (Antoine Roussel 20, Brent Seabrook 9) at 5:42
3. Blackhawks , Tim Connolly 8 (Johnny Gaudreau 11) at 19:26
Penalties :
Gabriel Bourque (Chi) for Interference (Minor) at 1:43, John Carlson (Chi) for Cross-checking (Minor) at 5:49, Brady Skjei (Mon) for Tripping (Minor) at 9:20, Nathan Horton (Chi) for High sticking (Minor) at 13:20
2nd period
4. Blackhawks , Garnet Hathaway 3 (John Carlson 18, Cody Hodgson 10) at 3:14
Penalties :
Derick Brassard (Chi) for Holding (Minor) at 3:38, Antoine Roussel (Chi) for Hooking (Minor) at 11:46, Cameron Gaunce (Mon) for Hooking (Minor) at 15:30
3rd period
5. Canadiens , Frans Nielsen 9 (Brady Skjei 18, Steve Downie 3) at 7:56
6. Canadiens , Claude Giroux 12 (Greg Stewart 19, Brady Skjei 19) at 10:04 (PP)
7. Blackhawks , Derick Brassard 19 (Ryan Whitney 1, John Carlson 19) at 13:20 (PP)
Penalties :
Rick Nash (Chi) for Hooking (Minor) at 2:30, Derick Brassard (Chi) for Roughing (Minor) at 9:15, Cameron Gaunce (Mon) for Holding (Minor) at 13:08
Goalie Stats
Pekka Rinne (Chi), 30 saves from 32 shots - (0.938), W, 1-5-1, 60:00 minutes
Allen York (Mon), 15 saves from 16 shots - (0.938), 36:46 minutes
Kristers Gudlevskis (Mon), 9 saves from 13 shots - (0.692), L, 10-15-5, 23:14 minutes
Players Stats for Blackhawks
Player Name G A P +/- PIM S H SB GA TA FO MP PP MP PK MP
------------------------------------------------------------------------------------
Antoine Roussel 0 1 1 1 2 3 0 2 1 0 1/3 18:29 2:23 0:07
Brad Boyes 0 0 0 0 0 0 0 0 0 0 0/0 4:14 0:00 0:00
Brent Seabrook 0 1 1 3 0 3 0 0 0 1 0/0 19:50 0:00 4:58
Cody Hodgson 0 1 1 0 0 1 1 0 0 0 8/18 16:51 0:00 7:06
Derick Brassard 2 0 2 1 4 5 4 1 2 0 19/28 21:59 2:23 0:18
Dougie Hamilton 0 0 0 -1 0 0 1 0 0 1 0/0 11:14 2:18 0:00
Dustin Kohn 0 0 0 0 0 0 0 0 0 0 0/0 9:36 0:25 4:37
Gabriel Bourque 0 0 0 0 2 0 0 0 0 0 0/0 5:31 0:00 0:29
Garnet Hathaway 1 0 1 0 0 2 4 0 1 0 1/1 13:34 0:00 3:39
John Carlson 0 2 2 1 2 1 1 1 2 1 0/0 27:50 1:52 6:38
Johnny Gaudreau 1 1 2 2 0 6 1 0 0 1 0/0 20:16 1:47 5:34
Matthew Spiller 0 0 0 3 0 0 0 5 0 1 0/0 19:59 0:00 7:45
Nathan Horton 0 1 1 2 2 1 1 0 0 1 0/0 20:24 1:47 5:33
Nick Leddy 0 0 0 1 0 1 1 0 1 0 0/0 20:19 2:18 0:35
Patrick Marleau 0 0 0 0 0 4 1 0 0 0 2/3 12:19 0:00 2:38
Rick Nash 0 0 0 1 2 1 1 0 1 0 1/2 18:23 2:23 0:00
Ryan Whitney 0 1 1 -1 0 0 0 1 0 1 0/0 11:13 1:27 0:53
Tim Connolly 1 1 2 2 0 1 1 0 0 0 4/8 15:09 1:47 0:02
Players Stats for Canadiens
Player Name G A P +/- PIM S H SB GA TA FO MP PP MP PK MP
------------------------------------------------------------------------------------
Adam Gaudette 0 0 0 -2 0 0 1 0 0 0 3/7 13:41 0:13 1:46
Alex Petrovic 0 0 0 -1 0 0 0 0 0 0 0/0 11:08 0:00 2:37
Benoit Pouliot 0 0 0 -2 0 3 2 1 1 1 0/0 19:00 6:10 0:41
Brady Skjei 0 2 2 -1 2 4 1 1 3 1 0/0 26:17 6:32 0:00
Brett Maclean 0 0 0 -1 0 0 1 0 0 0 0/0 8:40 0:13 0:00
Bryce Lampman 0 0 0 -1 0 0 1 2 1 2 0/0 28:11 6:32 2:37
Cameron Gaunce 0 0 0 -1 4 0 1 1 0 1 0/0 20:17 6:11 0:00
Claude Giroux 1 0 1 0 0 5 3 2 1 0 1/1 21:17 6:20 0:00
Frans Nielsen 1 0 1 -1 0 6 0 0 0 1 5/10 14:53 6:10 0:00
Greg Stewart 0 1 1 0 0 2 2 0 0 1 0/1 21:55 6:20 1:05
Henrik Sedin 0 0 0 0 0 3 1 0 1 0 14/34 20:50 6:20 0:00
Jordan Szwarz 0 0 0 -1 0 2 3 0 0 0 0/0 8:40 0:13 0:00
Nick Spaling 0 0 0 0 0 1 1 0 0 0 0/0 8:04 0:00 0:00
Nikolai Zherdev 0 0 0 0 0 0 1 1 0 0 0/1 8:04 0:00 0:00
Philip Larsen 0 0 0 -1 0 1 0 0 0 0 0/0 11:00 0:00 1:33
Pierre-Marc Bouchard 0 0 0 0 0 2 0 0 0 0 4/9 10:36 0:00 2:24
Raphael Diaz 0 0 0 -1 0 3 2 0 0 1 0/0 22:40 6:11 1:33
Steve Downie 0 1 1 -2 0 0 2 0 0 0 0/0 20:34 6:10 2:24
3 Stars
1 - Johnny Gaudreau (Chi)
2 - Tim Connolly (Chi)
3 - Derick Brassard (Chi)
Power Play
Blackhawks - 1 on 3 Attempt(s) - 33.33%
Canadiens - 1 on 7 Attempt(s) - 14.29%
Penalty Kill
Blackhawks - 6 on 7 Attempt(s) - 85.71%
- Score 0 goal in Penalty Kill
Canadiens - 2 on 3 Attempt(s) - 66.67%
- Score 0 goal in Penalty Kill
Team Stat
Blackhawks - Hits : 17 - Faceoff Wins : 36 - Blocked Shots : 10 - Penalty Minutes : 14
Canadiens - Hits : 22 - Faceoff Wins : 27 - Blocked Shots : 8 - Penalty Minutes : 6
Official
Referees : Unknown
Linesman : Unknown
Game Notes
Allen York enters game at 3:14 of 2nd period
Finance
Level 1 -- Attendance: 6000 (100.00%) -- Ticket Income $612,000
Level 2 -- Attendance: 4812 (96.24%) -- Ticket Income $317,592
Level 3 -- Attendance: 2000 (100.00%) -- Ticket Income $84,000
Level 4 -- Attendance: 3427 (85.68%) -- Ticket Income $95,956
Luxury Box -- Attendance: 952 (95.20%) -- Ticket Income $173,264
Game was played at the Centre Bell.
Total Attendance: 17191 (95.51%)
Total Ticket Income: $1,282,812
Other Income: $192,422
Total Income: $1,475,234
Blackhawks
5 vs 5 Forward
Center Left Wing Right Wing Time % Phy DF OF
1 Derick Brassard Antoine Roussel Rick Nash 40 1 2 2
2 Tim Connolly Johnny Gaudreau Nathan Horton 30 1 2 2
3 Cody Hodgson Patrick Marleau Garnet Hathaway 20 1 2 2
4 Derick Brassard Gabriel Bourque Brad Boyes 10 1 2 2
5 vs 5 Defense
Defense Defense Time % Phy DF OF
1 John Carlson Nick Leddy 40 1 2 2
2 Matthew Spiller Brent Seabrook 30 1 2 2
3 Dougie Hamilton Ryan Whitney 20 1 2 2
4 John Carlson Dustin Kohn 10 1 2 2
PowerPlay Forward
Center Left Wing Right Wing Time % Phy DF OF
1 Derick Brassard Antoine Roussel Rick Nash 60 1 2 2
2 Tim Connolly Johnny Gaudreau Nathan Horton 40 1 2 2
PowerPlay Defense
Defense Defense Time % Phy DF OF
1 John Carlson Ryan Whitney 60 1 2 2
2 Dougie Hamilton Nick Leddy 40 1 2 2
Penalty Kill 4 Players Forward
Center Wing Time % Phy DF OF
1 Cody Hodgson Nathan Horton 60 1 2 2
2 Johnny Gaudreau Garnet Hathaway 40 1 2 2
Penalty Kill 4 Players Defense
Defense Defense Time % Phy DF OF
1 John Carlson Matthew Spiller 60 1 2 2
2 Brent Seabrook Dustin Kohn 40 1 2 2
Penalty Kill - 3 Players Forward
Forward Time % Phy DF OF
1 Cody Hodgson 60 1 2 2
2 Johnny Gaudreau 40 1 2 2
Penalty Kill - 3 Players Defense
Defense Defense Time % Phy DF OF
1 John Carlson Matthew Spiller 60 1 2 2
2 Brent Seabrook Dustin Kohn 40 1 2 2
4 vs 4 Forward
Center Wing Time % Phy DF OF
1 Derick Brassard Antoine Roussel 60 1 2 2
2 Cody Hodgson Johnny Gaudreau 40 1 2 2
4 vs 4 Defense
Defense Defense Time % Phy DF OF
1 John Carlson Brent Seabrook 60 1 2 2
2 Matthew Spiller Nick Leddy 40 1 2 2
Last Minutes Offensive
Center Left Wing Right Wing Defense Defense
Derick Brassard Antoine Roussel Rick Nash John Carlson Nick Leddy
Last Minutes Defensive
Center Left Wing Right Wing Defense Defense
Derick Brassard Antoine Roussel Rick Nash John Carlson Brent Seabrook
Goaltenders
Starting : Pekka Rinne
Backup : Jimmy Howard
Extra Forwards
Normal : Gabriel Bourque, Tim Connolly, Patrick Marleau - PP : Brad Boyes, Garnet Hathaway - PK : Patrick Marleau
Extra Defensemen
Normal : Dougie Hamilton, Ryan Whitney, Dustin Kohn - PP : Dustin Kohn - PK : Ryan Whitney, Nick Leddy
Penalty Shots
Antoine Roussel, Derick Brassard, Johnny Gaudreau, Rick Nash, Cody Hodgson
Scratches
Alexander Wennberg (Healthy)
Canadiens
5 vs 5 Forward
Center Left Wing Right Wing Time % Phy DF OF
1 Henrik Sedin Greg Stewart Claude Giroux 40 0 2 3
2 Adam Gaudette Benoit Pouliot Steve Downie 30 1 2 2
3 Frans Nielsen Brett Maclean Jordan Szwarz 20 0 3 2
4 Pierre-Marc Bouchard Nick Spaling Nikolai Zherdev 10 0 3 2
5 vs 5 Defense
Defense Defense Time % Phy DF OF
1 Brady Skjei Bryce Lampman 40 1 2 2
2 Cameron Gaunce Raphael Diaz 30 1 2 2
3 Philip Larsen Alex Petrovic 20 1 2 2
4 Brady Skjei Bryce Lampman 10 1 2 2
PowerPlay Forward
Center Left Wing Right Wing Time % Phy DF OF
1 Henrik Sedin Greg Stewart Claude Giroux 50 0 0 5
2 Frans Nielsen Benoit Pouliot Steve Downie 50 0 0 5
PowerPlay Defense
Defense Defense Time % Phy DF OF
1 Brady Skjei Bryce Lampman 50 0 1 4
2 Raphael Diaz Cameron Gaunce 50 0 1 4
Penalty Kill 4 Players Forward
Center Wing Time % Phy DF OF
1 Pierre-Marc Bouchard Steve Downie 60 1 3 1
2 Adam Gaudette Greg Stewart 40 1 3 1
Penalty Kill 4 Players Defense
Defense Defense Time % Phy DF OF
1 Alex Petrovic Bryce Lampman 60 1 3 1
2 Philip Larsen Raphael Diaz 40 1 3 1
Penalty Kill - 3 Players Forward
Forward Time % Phy DF OF
1 Frans Nielsen 60 1 4 0
2 Henrik Sedin 40 1 4 0
Penalty Kill - 3 Players Defense
Defense Defense Time % Phy DF OF
1 Philip Larsen Bryce Lampman 60 1 4 0
2 Brady Skjei Raphael Diaz 40 1 4 0
4 vs 4 Forward
Center Wing Time % Phy DF OF
1 Henrik Sedin Claude Giroux 60 0 2 3
2 Frans Nielsen Benoit Pouliot 40 0 2 3
4 vs 4 Defense
Defense Defense Time % Phy DF OF
1 Brady Skjei Bryce Lampman 60 0 2 3
2 Cameron Gaunce Raphael Diaz 40 0 2 3
Last Minutes Offensive
Center Left Wing Right Wing Defense Defense
Henrik Sedin Greg Stewart Claude Giroux Brady Skjei Bryce Lampman
Last Minutes Defensive
Center Left Wing Right Wing Defense Defense
Frans Nielsen Greg Stewart Steve Downie Raphael Diaz Bryce Lampman
Goaltenders
Starting : Kristers Gudlevskis
Backup : Allen York
Extra Forwards
Normal : Claude Giroux, Greg Stewart, Benoit Pouliot - PP : Claude Giroux, Greg Stewart - PK : Steve Downie
Extra Defensemen
Normal : Brady Skjei, Bryce Lampman, Raphael Diaz - PP : Brady Skjei - PK : Raphael Diaz, Bryce Lampman
Penalty Shots
Claude Giroux, Henrik Sedin, Greg Stewart, Benoit Pouliot, Frans Nielsen
Scratches
Dustin Boyd (Healthy), Mark Stuart (Healthy), Viktor Stalberg (Healthy)
% Time on Ice - Blackhawks
Lines # - Real PCT - Wanted PCT - Time Play
Normal Forward
1 - 38% - 40% - 16:15
2 - 31% - 30% - 13:32
3 - 22% - 20% - 9:19
4 - 9% - 10% - 4:01
Normal Defense
1 - 41% - 40% - 17:35
2 - 33% - 30% - 14:16
3 - 21% - 20% - 8:53
4 - 6% - 10% - 2:23
PP Forward
1 - 57% - 60% - 2:23
2 - 43% - 40% - 1:47
PP Defense
1 - 45% - 60% - 1:52
2 - 55% - 40% - 2:18
PK Forward
1 - 71% - 60% - 9:04
2 - 29% - 40% - 3:39
PK Defense
1 - 64% - 60% - 8:06
2 - 36% - 40% - 4:37
PK3 Forward
1 - 0% - 60%
2 - 0% - 40%
PK3 Defense
1 - 0% - 60%
2 - 0% - 40%
44 Forward
1 - 0% - 60%
2 - 0% - 40%
44 Defense
1 - 0% - 60%
2 - 0% - 40%
Last Minute Offensive - 0:00
Last Minute Defensive - 0:00
Total
Forward - 60:00
Defense - 60:00
|
% Time on Ice - Canadiens
Lines # - Real PCT - Wanted PCT - Time Play
Normal Forward
1 - 34% - 40% - 14:44
2 - 28% - 30% - 11:52
3 - 20% - 20% - 8:27
4 - 19% - 10% - 8:04
Normal Defense
1 - 43% - 40% - 18:39
2 - 35% - 30% - 14:56
3 - 20% - 20% - 8:29
4 - 2% - 10% - 1:03
PP Forward
1 - 50% - 50% - 6:20
2 - 50% - 50% - 6:23
PP Defense
1 - 51% - 50% - 6:32
2 - 49% - 50% - 6:11
PK Forward
1 - 74% - 60% - 3:05
2 - 26% - 40% - 1:05
PK Defense
1 - 63% - 60% - 2:37
2 - 37% - 40% - 1:33
PK3 Forward
1 - 0% - 60%
2 - 0% - 40%
PK3 Defense
1 - 0% - 60%
2 - 0% - 40%
44 Forward
1 - 0% - 60%
2 - 0% - 40%
44 Defense
1 - 0% - 60%
2 - 0% - 40%
Last Minute Offensive - 0:00
Last Minute Defensive - 0:00
Total
Forward - 60:00
Defense - 60:00
|
Play-by-Play
1st period
0:01 of 1st period - Henrik Sedin wins face-off versus Rick Nash in neutral zone.
0:10 of 1st period - Wrist shot by Derick Brassard.
0:10 of 1st period - Shot Misses the Net.
0:12 of 1st period - Slapshot by John Carlson.
0:12 of 1st period - Stopped by Kristers Gudlevskis without a rebound.
0:13 of 1st period - Adam Gaudette wins face-off versus Tim Connolly in Canadiens zone.
0:26 of 1st period - Wrist shot by Tim Connolly.
0:26 of 1st period - Deflect By Johnny Gaudreau.
0:26 of 1st period - Shot Hit the Post.
0:26 of 1st period - Puck is out of play.
0:27 of 1st period - Patrick Marleau wins face-off versus Frans Nielsen in Canadiens zone.
0:28 of 1st period - Snap shot by Cody Hodgson.
0:28 of 1st period - Shot Misses the Net.
0:44 of 1st period - Brett Maclean is hit by Garnet Hathaway and loses puck.
1:00 of 1st period - Slapshot by Philip Larsen.
1:00 of 1st period - Shot Misses the Net.
1:02 of 1st period - Slapshot by Philip Larsen.
1:02 of 1st period - Shot Blocked by Ryan Whitney.
1:04 of 1st period - Slapshot by Philip Larsen.
1:04 of 1st period - Stopped by Pekka Rinne with a rebound.
1:06 of 1st period - Snap shot by Claude Giroux.
1:06 of 1st period - Shot Misses the Net.
1:20 of 1st period - Slapshot by Tim Connolly.
1:20 of 1st period - Shot Blocked by Benoit Pouliot.
1:22 of 1st period - Snap shot by Nathan Horton.
1:22 of 1st period - Shot Misses the Net.
1:26 of 1st period - Wrist shot by Johnny Gaudreau.
1:26 of 1st period - Stopped by Kristers Gudlevskis without a rebound.
1:27 of 1st period - Derick Brassard wins face-off versus Pierre-Marc Bouchard in Canadiens zone.
1:43 of 1st period - Minor Penalty to Gabriel Bourque for Interference.
1:44 of 1st period - Henrik Sedin wins face-off versus Cody Hodgson in Blackhawks zone.
3:25 of 1st period - Johnny Gaudreau is hit by Henrik Sedin and loses puck.
3:43 of 1st period - Penalty to Gabriel Bourque is over, Gabriel Bourque is back on ice.
3:47 of 1st period - Off-side.
3:48 of 1st period - Derick Brassard wins face-off versus Pierre-Marc Bouchard in neutral zone.
3:59 of 1st period - Snap shot by Antoine Roussel.
3:59 of 1st period - Shot Misses the Net.
4:01 of 1st period - Slapshot by Nick Leddy.
4:01 of 1st period - Deflect By Derick Brassard.
4:01 of 1st period - Stopped by Kristers Gudlevskis without a rebound.
4:02 of 1st period - Rick Nash wins face-off versus Henrik Sedin in Canadiens zone.
4:11 of 1st period - Wrist shot by Antoine Roussel.
4:11 of 1st period - Shot Misses the Net.
4:13 of 1st period - Snap shot by Rick Nash.
4:13 of 1st period - Deflect By Derick Brassard.
4:13 of 1st period - Shot Misses the Net.
4:13 of 1st period - Puck is out of play.
4:14 of 1st period - Tim Connolly wins face-off versus Adam Gaudette in Canadiens zone.
4:21 of 1st period - Wrist shot by Johnny Gaudreau.
4:21 of 1st period - Stopped by Kristers Gudlevskis with a rebound.
4:23 of 1st period - Wrist shot by Nathan Horton.
4:23 of 1st period - Deflect By Johnny Gaudreau.
4:23 of 1st period - Goal by Johnny Gaudreau - Blackhawks : 1 - Canadiens : 0.
4:24 of 1st period - Henrik Sedin wins face-off versus Tim Connolly in neutral zone.
4:24 of 1st period - Henrik Sedin is hit by Nathan Horton.
4:50 of 1st period - Benoit Pouliot is hit by Derick Brassard and loses puck.
5:07 of 1st period - Benoit Pouliot is hit by Derick Brassard and loses puck.
5:12 of 1st period - Wrist shot by Derick Brassard.
5:12 of 1st period - Shot Blocked by Cameron Gaunce.
5:42 of 1st period - Snap shot by Derick Brassard.
5:42 of 1st period - Goal by Derick Brassard - Blackhawks : 2 - Canadiens : 0.
5:43 of 1st period - Claude Giroux wins face-off versus Cody Hodgson in neutral zone.
5:49 of 1st period - Minor Penalty to John Carlson for Cross-checking.
5:50 of 1st period - Frans Nielsen wins face-off versus Cody Hodgson in Blackhawks zone.
6:57 of 1st period - Brent Seabrook is hit by Claude Giroux and loses puck.
7:49 of 1st period - Penalty to John Carlson is over, John Carlson is back on ice.
8:04 of 1st period - Off-side.
8:05 of 1st period - Derick Brassard wins face-off versus Pierre-Marc Bouchard in neutral zone.
9:18 of 1st period - Wrist shot by Derick Brassard.
9:18 of 1st period - Shot Misses the Net.
9:20 of 1st period - Minor Penalty to Brady Skjei for Tripping.
9:21 of 1st period - Derick Brassard wins face-off versus Pierre-Marc Bouchard in Canadiens zone.
9:24 of 1st period - Wrist shot by Antoine Roussel.
9:24 of 1st period - Stopped by Kristers Gudlevskis with a rebound.
9:48 of 1st period - Pierre-Marc Bouchard is hit by Johnny Gaudreau.
9:59 of 1st period - Off-side.
10:00 of 1st period - Derick Brassard wins face-off versus Adam Gaudette in neutral zone.
11:20 of 1st period - Penalty to Brady Skjei is over, Brady Skjei is back on ice.
11:33 of 1st period - Snap shot by Benoit Pouliot.
11:33 of 1st period - Shot Misses the Net.
11:46 of 1st period - Icing by Philip Larsen.
11:47 of 1st period - Tim Connolly wins face-off versus Greg Stewart in Canadiens zone.
11:48 of 1st period - Snap shot by Johnny Gaudreau.
11:48 of 1st period - Shot Misses the Net.
12:00 of 1st period - Slapshot by Greg Stewart.
12:00 of 1st period - Stopped by Pekka Rinne with a rebound.
12:14 of 1st period - Frans Nielsen is hit by Garnet Hathaway and loses puck.
12:19 of 1st period - Slapshot by Patrick Marleau.
12:19 of 1st period - Stopped by Kristers Gudlevskis without a rebound.
12:20 of 1st period - Adam Gaudette wins face-off versus Cody Hodgson in Canadiens zone.
12:37 of 1st period - Wrist shot by Benoit Pouliot.
12:37 of 1st period - Stopped by Pekka Rinne with a rebound.
12:49 of 1st period - Backhand shot by Derick Brassard.
12:49 of 1st period - Stopped by Kristers Gudlevskis with a rebound.
12:51 of 1st period - Backhand shot by Brent Seabrook.
12:51 of 1st period - Shot Blocked by Claude Giroux.
12:53 of 1st period - Slapshot by Brent Seabrook.
12:53 of 1st period - Shot Blocked by Brady Skjei.
12:55 of 1st period - Wrist shot by Antoine Roussel.
12:55 of 1st period - Shot Misses the Net.
13:20 of 1st period - Minor Penalty to Nathan Horton for High sticking.
13:21 of 1st period - Patrick Marleau wins face-off versus Frans Nielsen in Blackhawks zone.
13:31 of 1st period - Snap shot by Steve Downie.
13:31 of 1st period - Deflect By Benoit Pouliot.
13:31 of 1st period - Stopped by Pekka Rinne with a rebound.
13:33 of 1st period - Wrist shot by Frans Nielsen.
13:33 of 1st period - Stopped by Pekka Rinne without a rebound.
13:34 of 1st period - Henrik Sedin wins face-off versus Cody Hodgson in Blackhawks zone.
14:07 of 1st period - Snap shot by Raphael Diaz.
14:07 of 1st period - Deflect By John Carlson.
14:07 of 1st period - Stopped by Pekka Rinne with a rebound.
14:09 of 1st period - Backhand shot by Cameron Gaunce.
14:09 of 1st period - Shot Misses the Net.
14:11 of 1st period - Backhand shot by Frans Nielsen.
14:11 of 1st period - Shot Blocked by Matthew Spiller.
15:20 of 1st period - Penalty to Nathan Horton is over, Nathan Horton is back on ice.
15:35 of 1st period - Brady Skjei is hit by Derick Brassard and loses puck.
15:42 of 1st period - Wrist shot by Rick Nash.
15:42 of 1st period - Shot Blocked by Bryce Lampman.
15:44 of 1st period - Wrist shot by Rick Nash.
15:44 of 1st period - Shot Misses the Net.
15:46 of 1st period - Wrist shot by Derick Brassard.
15:46 of 1st period - Deflect By Bryce Lampman.
15:46 of 1st period - Shot Misses the Net.
15:46 of 1st period - Puck is out of play.
15:47 of 1st period - Antoine Roussel wins face-off versus Nikolai Zherdev in Canadiens zone.
15:48 of 1st period - Slapshot by Derick Brassard.
15:48 of 1st period - Shot Misses the Net.
15:50 of 1st period - Slapshot by Derick Brassard.
15:50 of 1st period - Shot Misses the Net.
16:12 of 1st period - Nathan Horton is hit by Greg Stewart and loses puck.
16:45 of 1st period - Adam Gaudette is hit by Garnet Hathaway and loses puck.
17:13 of 1st period - Snap shot by Greg Stewart.
17:13 of 1st period - Shot Misses the Net.
17:41 of 1st period - John Carlson is hit by Brett Maclean and loses puck.
18:21 of 1st period - Johnny Gaudreau is hit by Claude Giroux and loses puck.
19:06 of 1st period - Frans Nielsen is hit by Patrick Marleau and loses puck.
19:22 of 1st period - Icing by Brady Skjei.
19:23 of 1st period - Tim Connolly wins face-off versus Frans Nielsen in Canadiens zone.
19:26 of 1st period - Snap shot by Tim Connolly.
19:26 of 1st period - Goal by Tim Connolly - Blackhawks : 3 - Canadiens : 0.
19:27 of 1st period - Henrik Sedin wins face-off versus Derick Brassard in neutral zone.
19:27 of 1st period - Henrik Sedin is hit by Nick Leddy.
19:33 of 1st period - Wrist shot by Claude Giroux.
19:33 of 1st period - Shot Blocked by Derick Brassard.
Goals for this period are 3 for Blackhawks vs 0 for Canadiens.
Shots for this period are 10 for Blackhawks vs 6 for Canadiens.
2nd period
0:01 of 2nd period - Derick Brassard wins face-off versus Henrik Sedin in neutral zone.
0:27 of 2nd period - Johnny Gaudreau is hit by Benoit Pouliot and loses puck.
0:36 of 2nd period - Snap shot by Johnny Gaudreau.
0:36 of 2nd period - Stopped by Kristers Gudlevskis without a rebound.
0:37 of 2nd period - Derick Brassard wins face-off versus Henrik Sedin in Canadiens zone.
1:34 of 2nd period - Cody Hodgson is hit by Jordan Szwarz and loses puck.
2:13 of 2nd period - Slapshot by Pierre-Marc Bouchard.
2:13 of 2nd period - Stopped by Pekka Rinne without a rebound.
2:14 of 2nd period - Pierre-Marc Bouchard wins face-off versus Derick Brassard in Blackhawks zone.
2:15 of 2nd period - Slapshot by Brady Skjei.
2:15 of 2nd period - Shot Blocked by Antoine Roussel.
2:19 of 2nd period - Slapshot by Pierre-Marc Bouchard.
2:19 of 2nd period - Stopped by Pekka Rinne without a rebound.
2:20 of 2nd period - Henrik Sedin wins face-off versus Derick Brassard in Blackhawks zone.
2:57 of 2nd period - Nathan Horton is hit by Brady Skjei and loses puck.
3:10 of 2nd period - Slapshot by Brent Seabrook.
3:10 of 2nd period - Stopped by Kristers Gudlevskis without a rebound.
3:11 of 2nd period - Cody Hodgson wins face-off versus Frans Nielsen in Canadiens zone.
3:14 of 2nd period - Snap shot by Garnet Hathaway.
3:14 of 2nd period - Goal by Garnet Hathaway - Blackhawks : 4 - Canadiens : 0.
3:14 of 2nd period - Allen York enters game.
3:15 of 2nd period - Derick Brassard wins face-off versus Henrik Sedin in neutral zone.
3:32 of 2nd period - Snap shot by Greg Stewart.
3:32 of 2nd period - Shot Misses the Net.
3:38 of 2nd period - Minor Penalty to Derick Brassard for Holding.
3:39 of 2nd period - Frans Nielsen wins face-off versus Cody Hodgson in Blackhawks zone.
3:44 of 2nd period - Slapshot by Benoit Pouliot.
3:44 of 2nd period - Shot Blocked by John Carlson.
4:45 of 2nd period - Snap shot by Greg Stewart.
4:45 of 2nd period - Shot Misses the Net.
5:38 of 2nd period - Penalty to Derick Brassard is over, Derick Brassard is back on ice.
6:32 of 2nd period - Dustin Kohn is hit by Jordan Szwarz and loses puck.
7:06 of 2nd period - Wrist shot by Brady Skjei.
7:06 of 2nd period - Shot Misses the Net.
7:50 of 2nd period - Snap shot by Frans Nielsen.
7:50 of 2nd period - Stopped by Pekka Rinne with a rebound.
9:19 of 2nd period - Cody Hodgson is hit by Adam Gaudette and loses puck.
9:36 of 2nd period - Garnet Hathaway is hit by Nikolai Zherdev and loses puck.
10:32 of 2nd period - Ryan Whitney is hit by Benoit Pouliot and loses puck.
11:46 of 2nd period - Minor Penalty to Antoine Roussel for Hooking.
11:47 of 2nd period - Frans Nielsen wins face-off versus Cody Hodgson in Blackhawks zone.
11:48 of 2nd period - Wrist shot by Steve Downie.
11:48 of 2nd period - Shot Blocked by Matthew Spiller.
11:50 of 2nd period - Slapshot by Raphael Diaz.
11:50 of 2nd period - Stopped by Pekka Rinne with a rebound.
11:52 of 2nd period - Wrist shot by Cameron Gaunce.
11:52 of 2nd period - Shot Blocked by Matthew Spiller.
11:58 of 2nd period - Snap shot by Steve Downie.
11:58 of 2nd period - Shot Misses the Net.
12:00 of 2nd period - Slapshot by Raphael Diaz.
12:00 of 2nd period - Shot Blocked by Matthew Spiller.
12:02 of 2nd period - Snap shot by Cameron Gaunce.
12:02 of 2nd period - Shot Blocked by Matthew Spiller.
12:23 of 2nd period - Snap shot by Claude Giroux.
12:23 of 2nd period - Stopped by Pekka Rinne with a rebound.
13:13 of 2nd period - Brady Skjei is hit by John Carlson and loses puck.
13:17 of 2nd period - Icing by Frans Nielsen.
13:18 of 2nd period - Frans Nielsen wins face-off versus Patrick Marleau in Canadiens zone.
13:43 of 2nd period - Wrist shot by Frans Nielsen.
13:43 of 2nd period - Stopped by Pekka Rinne with a rebound.
13:46 of 2nd period - Penalty to Antoine Roussel is over, Antoine Roussel is back on ice.
13:47 of 2nd period - Snap shot by Frans Nielsen.
13:47 of 2nd period - Shot Misses the Net.
13:49 of 2nd period - Slapshot by Philip Larsen.
13:49 of 2nd period - Shot Blocked by Antoine Roussel.
13:55 of 2nd period - Slapshot by Benoit Pouliot.
13:55 of 2nd period - Stopped by Pekka Rinne without a rebound.
13:56 of 2nd period - Henrik Sedin wins face-off versus Derick Brassard in Blackhawks zone.
15:30 of 2nd period - Minor Penalty to Cameron Gaunce for Hooking.
15:31 of 2nd period - Pierre-Marc Bouchard wins face-off versus Antoine Roussel in Canadiens zone.
16:44 of 2nd period - Wrist shot by Adam Gaudette.
16:44 of 2nd period - Shot Misses the Net.
17:30 of 2nd period - Penalty to Cameron Gaunce is over, Cameron Gaunce is back on ice.
17:37 of 2nd period - Slapshot by Brent Seabrook.
17:37 of 2nd period - Stopped by Allen York without a rebound.
17:38 of 2nd period - Cody Hodgson wins face-off versus Henrik Sedin in Canadiens zone.
17:43 of 2nd period - Snap shot by Garnet Hathaway.
17:43 of 2nd period - Stopped by Allen York without a rebound.
17:44 of 2nd period - Garnet Hathaway wins face-off versus Henrik Sedin in Canadiens zone.
17:45 of 2nd period - Wrist shot by Cody Hodgson.
17:45 of 2nd period - Stopped by Allen York with a rebound.
17:47 of 2nd period - Snap shot by Cody Hodgson.
17:47 of 2nd period - Shot Misses the Net.
17:49 of 2nd period - Slapshot by Garnet Hathaway.
17:49 of 2nd period - Shot Misses the Net.
17:51 of 2nd period - Slapshot by Brent Seabrook.
17:51 of 2nd period - Stopped by Allen York without a rebound.
17:52 of 2nd period - Cody Hodgson wins face-off versus Henrik Sedin in Canadiens zone.
17:59 of 2nd period - Snap shot by Patrick Marleau.
17:59 of 2nd period - Deflect By Claude Giroux.
17:59 of 2nd period - Stopped by Allen York without a rebound.
18:00 of 2nd period - Henrik Sedin wins face-off versus Antoine Roussel in Canadiens zone.
18:17 of 2nd period - Derick Brassard is hit by Bryce Lampman.
18:34 of 2nd period - Snap shot by Johnny Gaudreau.
18:34 of 2nd period - Stopped by Allen York with a rebound.
18:54 of 2nd period - Garnet Hathaway is hit by Jordan Szwarz and loses puck.
18:59 of 2nd period - Slapshot by Jordan Szwarz.
18:59 of 2nd period - Shot Misses the Net.
19:25 of 2nd period - Snap shot by Greg Stewart.
19:25 of 2nd period - Deflect By Henrik Sedin.
19:25 of 2nd period - Stopped by Pekka Rinne with a rebound.
Goals for this period are 1 for Blackhawks vs 0 for Canadiens.
Shots for this period are 9 for Blackhawks vs 8 for Canadiens.
3rd period
0:01 of 3rd period - Derick Brassard wins face-off versus Henrik Sedin in neutral zone.
0:06 of 3rd period - Slapshot by John Carlson.
0:06 of 3rd period - Shot Misses the Net.
0:28 of 3rd period - Wrist shot by Benoit Pouliot.
0:28 of 3rd period - Shot Misses the Net.
0:45 of 3rd period - Off-side.
0:46 of 3rd period - Pierre-Marc Bouchard wins face-off versus Cody Hodgson in neutral zone.
0:46 of 3rd period - Pierre-Marc Bouchard is hit by Cody Hodgson.
2:00 of 3rd period - Snap shot by Frans Nielsen.
2:00 of 3rd period - Stopped by Pekka Rinne with a rebound.
2:30 of 3rd period - Minor Penalty to Rick Nash for Hooking.
2:31 of 3rd period - Cody Hodgson wins face-off versus Henrik Sedin in Blackhawks zone.
4:30 of 3rd period - Penalty to Rick Nash is over, Rick Nash is back on ice.
4:37 of 3rd period - Dustin Kohn is hit by Claude Giroux and loses puck.
4:48 of 3rd period - Derick Brassard is hit by Nick Spaling and loses puck.
5:09 of 3rd period - Snap shot by Jordan Szwarz.
5:09 of 3rd period - Stopped by Pekka Rinne without a rebound.
5:10 of 3rd period - Frans Nielsen wins face-off versus Cody Hodgson in Blackhawks zone.
5:21 of 3rd period - Wrist shot by Patrick Marleau.
5:21 of 3rd period - Stopped by Allen York with a rebound.
5:33 of 3rd period - Snap shot by Frans Nielsen.
5:33 of 3rd period - Stopped by Pekka Rinne with a rebound.
5:59 of 3rd period - Wrist shot by Antoine Roussel.
5:59 of 3rd period - Shot Blocked by Bryce Lampman.
6:07 of 3rd period - Snap shot by Brady Skjei.
6:07 of 3rd period - Stopped by Pekka Rinne without a rebound.
6:08 of 3rd period - Cody Hodgson wins face-off versus Henrik Sedin in Blackhawks zone.
6:08 of 3rd period - Cody Hodgson is hit by Raphael Diaz.
6:21 of 3rd period - Slapshot by Matthew Spiller.
6:21 of 3rd period - Deflect By Patrick Marleau.
6:21 of 3rd period - Stopped by Allen York with a rebound.
7:00 of 3rd period - Wrist shot by Tim Connolly.
7:00 of 3rd period - Shot Misses the Net.
7:02 of 3rd period - Snap shot by Nathan Horton.
7:02 of 3rd period - Stopped by Allen York without a rebound.
7:03 of 3rd period - Henrik Sedin wins face-off versus Tim Connolly in Canadiens zone.
7:10 of 3rd period - Slapshot by Brady Skjei.
7:10 of 3rd period - Shot Misses the Net.
7:31 of 3rd period - Slapshot by Antoine Roussel.
7:31 of 3rd period - Stopped by Allen York with a rebound.
7:41 of 3rd period - Adam Gaudette is hit by Derick Brassard and loses puck.
7:54 of 3rd period - Slapshot by Brady Skjei.
7:54 of 3rd period - Stopped by Pekka Rinne with a rebound.
7:56 of 3rd period - Wrist shot by Frans Nielsen.
7:56 of 3rd period - Goal by Frans Nielsen - Blackhawks : 4 - Canadiens : 1.
7:57 of 3rd period - Derick Brassard wins face-off versus Henrik Sedin in neutral zone.
8:14 of 3rd period - Wrist shot by Antoine Roussel.
8:14 of 3rd period - Shot Misses the Net.
8:24 of 3rd period - Johnny Gaudreau is hit by Raphael Diaz and loses puck.
8:51 of 3rd period - Slapshot by Nick Spaling.
8:51 of 3rd period - Stopped by Pekka Rinne without a rebound.
8:52 of 3rd period - Henrik Sedin wins face-off versus Derick Brassard in Blackhawks zone.
8:55 of 3rd period - Snap shot by Greg Stewart.
8:55 of 3rd period - Shot Misses the Net.
9:15 of 3rd period - Minor Penalty to Derick Brassard for Roughing.
9:16 of 3rd period - Cody Hodgson wins face-off versus Henrik Sedin in Blackhawks zone.
9:26 of 3rd period - Off-side.
9:27 of 3rd period - Henrik Sedin wins face-off versus Cody Hodgson in neutral zone.
9:32 of 3rd period - Slapshot by Brady Skjei.
9:32 of 3rd period - Stopped by Pekka Rinne with a rebound.
9:34 of 3rd period - Snap shot by Greg Stewart.
9:34 of 3rd period - Stopped by Pekka Rinne without a rebound.
9:35 of 3rd period - Cody Hodgson wins face-off versus Henrik Sedin in Blackhawks zone.
10:02 of 3rd period - Wrist shot by Claude Giroux.
10:02 of 3rd period - Stopped by Pekka Rinne with a rebound.
10:04 of 3rd period - Slapshot by Claude Giroux.
10:04 of 3rd period - Goal by Claude Giroux - Blackhawks : 4 - Canadiens : 2.
10:05 of 3rd period - Derick Brassard wins face-off versus Henrik Sedin in neutral zone.
10:20 of 3rd period - Wrist shot by Antoine Roussel.
10:20 of 3rd period - Shot Misses the Net.
10:32 of 3rd period - Nick Leddy is hit by Steve Downie and loses puck.
10:58 of 3rd period - Off-side.
10:59 of 3rd period - Derick Brassard wins face-off versus Frans Nielsen in neutral zone.
11:02 of 3rd period - Wrist shot by Jordan Szwarz.
11:02 of 3rd period - Stopped by Pekka Rinne without a rebound.
11:03 of 3rd period - Derick Brassard wins face-off versus Henrik Sedin in Blackhawks zone.
11:08 of 3rd period - Snap shot by Nick Leddy.
11:08 of 3rd period - Stopped by Allen York with a rebound.
11:10 of 3rd period - Snap shot by Antoine Roussel.
11:10 of 3rd period - Stopped by Allen York without a rebound.
11:11 of 3rd period - Derick Brassard wins face-off versus Henrik Sedin in Canadiens zone.
12:24 of 3rd period - Wrist shot by Nick Spaling.
12:24 of 3rd period - Deflect By Pierre-Marc Bouchard.
12:24 of 3rd period - Shot Misses the Net.
12:24 of 3rd period - Puck is out of play.
12:25 of 3rd period - Henrik Sedin wins face-off versus Derick Brassard in Blackhawks zone.
12:26 of 3rd period - Wrist shot by Claude Giroux.
12:26 of 3rd period - Stopped by Pekka Rinne without a rebound.
12:27 of 3rd period - Derick Brassard wins face-off versus Henrik Sedin in Blackhawks zone.
12:57 of 3rd period - John Carlson is hit by Cameron Gaunce.
13:08 of 3rd period - Minor Penalty to Cameron Gaunce for Holding.
13:09 of 3rd period - Pierre-Marc Bouchard wins face-off versus Derick Brassard in Canadiens zone.
13:09 of 3rd period - Pierre-Marc Bouchard is hit by Rick Nash.
13:18 of 3rd period - Slapshot by John Carlson.
13:18 of 3rd period - Shot Misses the Net.
13:20 of 3rd period - Slapshot by Ryan Whitney.
13:20 of 3rd period - Deflect By Derick Brassard.
13:20 of 3rd period - Goal by Derick Brassard - Blackhawks : 5 - Canadiens : 2.
13:21 of 3rd period - Henrik Sedin wins face-off versus Derick Brassard in neutral zone.
13:24 of 3rd period - Slapshot by Brady Skjei.
13:24 of 3rd period - Stopped by Pekka Rinne with a rebound.
13:34 of 3rd period - Slapshot by Derick Brassard.
13:34 of 3rd period - Stopped by Allen York without a rebound.
13:35 of 3rd period - Derick Brassard wins face-off versus Henrik Sedin in Canadiens zone.
13:36 of 3rd period - Wrist shot by Rick Nash.
13:36 of 3rd period - Stopped by Allen York with a rebound.
13:48 of 3rd period - Snap shot by Henrik Sedin.
13:48 of 3rd period - Stopped by Pekka Rinne with a rebound.
13:50 of 3rd period - Snap shot by Greg Stewart.
13:50 of 3rd period - Deflect By Henrik Sedin.
13:50 of 3rd period - Stopped by Pekka Rinne with a rebound.
13:52 of 3rd period - Snap shot by Claude Giroux.
13:52 of 3rd period - Shot Misses the Net.
14:07 of 3rd period - Slapshot by Raphael Diaz.
14:07 of 3rd period - Shot Misses the Net.
14:22 of 3rd period - Off-side.
14:23 of 3rd period - Cody Hodgson wins face-off versus Pierre-Marc Bouchard in neutral zone.
14:26 of 3rd period - Brady Skjei is hit by Garnet Hathaway and loses puck.
14:31 of 3rd period - Snap shot by Cody Hodgson.
14:31 of 3rd period - Shot Misses the Net.
14:49 of 3rd period - Brent Seabrook is hit by Greg Stewart.
14:59 of 3rd period - Wrist shot by Antoine Roussel.
14:59 of 3rd period - Shot Blocked by Claude Giroux.
15:20 of 3rd period - Slapshot by Raphael Diaz.
15:20 of 3rd period - Stopped by Pekka Rinne without a rebound.
15:21 of 3rd period - Derick Brassard wins face-off versus Henrik Sedin in Blackhawks zone.
15:35 of 3rd period - Icing by John Carlson.
15:36 of 3rd period - Adam Gaudette wins face-off versus Derick Brassard in Blackhawks zone.
15:54 of 3rd period - Off-side.
15:55 of 3rd period - Henrik Sedin wins face-off versus Tim Connolly in neutral zone.
17:09 of 3rd period - Wrist shot by Derick Brassard.
17:09 of 3rd period - Deflect By Brad Boyes.
17:09 of 3rd period - Shot Blocked by Nikolai Zherdev.
17:09 of 3rd period - Puck is out of play.
17:10 of 3rd period - Derick Brassard wins face-off versus Henrik Sedin in Canadiens zone.
17:11 of 3rd period - Wrist shot by Gabriel Bourque.
17:11 of 3rd period - Shot Misses the Net.
17:13 of 3rd period - Slapshot by Brent Seabrook.
17:13 of 3rd period - Shot Misses the Net.
17:55 of 3rd period - Frans Nielsen is hit by Tim Connolly.
17:59 of 3rd period - Brett Maclean is hit by Dougie Hamilton and loses puck.
18:46 of 3rd period - Slapshot by Claude Giroux.
18:46 of 3rd period - Stopped by Pekka Rinne without a rebound.
18:47 of 3rd period - Derick Brassard wins face-off versus Adam Gaudette in Blackhawks zone.
18:53 of 3rd period - Off-side.
18:54 of 3rd period - Tim Connolly wins face-off versus Adam Gaudette in neutral zone.
19:01 of 3rd period - Wrist shot by Johnny Gaudreau.
19:01 of 3rd period - Stopped by Allen York with a rebound.
19:07 of 3rd period - Nathan Horton is hit by Steve Downie and loses puck.
19:50 of 3rd period - Snap shot by Claude Giroux.
19:50 of 3rd period - Shot Misses the Net.
Goals for this period are 1 for Blackhawks vs 2 for Canadiens.
Shots for this period are 10 for Blackhawks vs 18 for Canadiens.